Map: Curious Minds LE

Players

Chungus

  • Race: Zerg Zerg
  • League: Master
  • Spawn Location: 11:00

Warthog - Winner!

  • Race: Terran Terran
  • League: Master
  • Spawn Location: 5:00

VOD

Have the link to the VOD?

Description

Time

  • Played on: Dec. 15, 2021, 6:10 p.m.
  • Length: 7:24
Show
View Real Time Build Order
Export as new Build Order

Chungus Zerg 

Build Orders: Pool First 

Get SALT Encoding   

  12  0:00  Drone  
  13  0:12  Overlord  
  13  0:17  Drone  
  14  0:30  Drone x2  
  16  0:40  Spawning Pool  
  15  0:44  Drone  
  15  0:48  Drone  
  17  1:09  Hatchery  
  16  1:12  Drone  
  16  1:15  Drone  
  16  1:17  Extractor  
  17  1:27  Zergling x2  
  17  1:32  Roach Warren  
  17  1:33  Zergling x2  
  18  1:43  Drone  
  19  1:47  Queen  
  21  1:54  Drone  
  22  2:09  Overlord  
  22  2:21  Roach x2  
  26  2:23  Roach  
  26  2:26  Queen  
  30  2:33  Roach  
  30  2:35  Roach  
  34  2:45  Drone x2  
  36  3:08  Hatchery  
  36  3:10  Ravager  
  34  3:35  Drone x2  
  36  3:50  Overlord  
  36  4:08  Drone x6  
  37  4:11  Drone x3  
  37  4:12  Drone  
  35  4:18  Lair  
  35  4:21  Drone x2  
  35  4:22  Evolution Chamber  
  35  4:23  Evolution Chamber  
  35  4:26  Extractor  
  35  4:27  Queen, Extractor  
  35  4:29  Extractor  
  35  4:30  Drone  
  35  4:32  Drone  
  35  4:34  Drone  
  35  4:37  Drone  
  38  4:39  Drone  
  38  4:41  Drone  
  38  4:44  Drone  
  41  4:46  Overlord  
  41  4:49  Drone  
  42  4:53  Overlord  
  42  4:57  Zerg Missile Weapons Level 1  
  42  5:06  Zerg Ground Armor Level 1  
  42  5:10  Overlord  
  42  5:15  Drone  
  42  5:16  Drone x2  
  42  5:17  Drone x3  
  42  5:19  Drone x2  
  50  5:26  Overlord  
  50  5:27  Overlord  
  50  5:31  Roach x2  
  50  5:34  Roach  
  56  5:37  Roach  
  58  5:43  Glial Reconstitution  
  58  5:47  Roach  
  60  5:50  Roach  
  60  5:51  Roach  
  60  5:54  Roach  
  60  5:56  Roach  
  68  5:58  Roach  
  70  6:04  Roach  
  70  6:05  Roach  
  70  6:09  Overlord x2  
  74  6:16  Overlord  
  74  6:19  Overlord  
  74  6:28  Roach x5  
  74  6:29  Roach  
  83  6:33  Roach  
  83  6:35  Ravager  
  83  6:36  Ravager  
  87  6:41  Roach  
  87  6:51  Ravager  
  87  6:57  Drone x6  
  87  7:07  Drone x3  
Show
View Real Time Build Order
Export as new Build Order

Warthog Terran - Winner!

Build Orders: Reaper Expand 

Get SALT Encoding   

  12  0:00  SCV  
  13  0:12  SCV  
  14  0:18  Supply Depot  
  14  0:25  SCV  
  15  0:39  SCV  
  15  0:42  Barracks  
  16  0:45  Refinery  
  16  0:51  SCV  
  17  1:03  SCV  
  18  1:16  SCV  
  19  1:29  Reaper, Orbital Command  
  20  1:39  Command Center  
  20  1:49  Supply Depot  
  20  1:55  SCV  
  21  2:01  Marine  
  22  2:13  SCV  
  22  2:14  Factory  
  23  2:19  Refinery  
  23  2:25  SCV  
  23  2:26  Barracks Reactor  
  24  2:37  SCV  
  25  2:49  Bunker  
  25  2:51  SCV  
  25  2:52  Orbital Command  
  26  2:58  Bunker  
  26  3:00  Factory Tech Lab  
  26  3:03  Marine x2  
  28  3:10  SCV  
  29  3:16  Starport  
  29  3:19  Cyclone  
  32  3:22  SCV  
  32  3:23  SCV, Marine  
  35  3:34  SCV  
  35  3:40  Supply Depot  
  35  3:44  SCV  
  35  3:45  Orbital Command  
  35  3:47  Marine x2  
  35  4:04  SCV  
  34  4:12  SCV  
  34  4:13  Viking  
  34  4:14  Siege Tank, Marine x2  
  34  4:17  SCV  
  40  4:27  SCV  
  40  4:29  Supply Depot  
  41  4:35  SCV  
  42  4:39  SCV  
  42  4:41  Command Center  
  43  4:47  SCV  
  43  4:50  Supply Depot  
  44  4:59  Liberator  
  47  5:09  SCV x2  
  47  5:12  Barracks, Factory Reactor  
  47  5:13  Barracks  
  49  5:21  Supply Depot, SCV  
  50  5:22  Stimpack, Marine  
  51  5:32  SCV  
  51  5:33  SCV  
  53  5:39  Engineering Bay  
  53  5:41  Engineering Bay  
  53  5:44  SCV  
  53  5:45  SCV  
  55  5:50  Refinery  
  55  5:51  Refinery  
  55  5:57  SCV x2, Orbital Command  
  57  6:05  Starport Reactor  
  57  6:06  Marine x3  
  57  6:09  SCV x2, Factory Reactor  
  62  6:20  Marine  
  62  6:21  SCV x2  
  65  6:26  SCV  
  65  6:30  Marine x3  
  69  6:33  SCV x2  
  69  6:38  Barracks x2  
  71  6:43  SCV  
  71  6:44  Marine  
  71  6:45  Marine  
  71  6:46  Medivac x2  
  78  6:58  SCV  
  78  7:00  SCV  
  77  7:04  Marine x2  
Tags
 
Add a new tag
Caveats
  • Supply blocks, unpowered buildings, or Contaminate may cause inaccurate times.
  • Supply counts are checked every 10 seconds.